 Dungeon Sprint DCSS version 0.28.0-43-g3370ac3207 (webtiles) character file.

Game seed: 11590947369660948178

3047 boopmooplesden the Severer (level 9, -8/101 HPs)
             Began as a Minotaur Berserker on Mar 5, 2022.
             Was a High Priest of Trog.
             Mangled by a polar bear (14 damage)
             ... in the Dungeon (Sprint II: "The Violet Keep of Menkaure").
             The game lasted 00:02:17 (772 turns).

boopmooplesden the Severer (Minotaur Berserker)      Turns: 772, Time: 00:02:18

Health: -8/101     AC: 14    Str: 25    XL:     9   Next: 56%
Magic:  2/2        EV: 10    Int:  4    God:    Trog [*****.]
Gold:   361        SH:  0    Dex:  8    Spells: 8/8 levels left

rFire   . . .      SeeInvis +   k - +0 war axe (antimagic)
rCold   . . .      Faith    .   (no shield)
rNeg    . . .      Spirit   .   j - +0 chain mail of the Northern Lights {Harm rCorr Dex-3 SInv}
rPois   .          Reflect  .   (helmet restricted)
rElec   .          Harm     +   (no cloak)
rCorr   +          Rampage  .   d - +0 pair of gloves
Will    .....      NoTele   +   i - +1 pair of boots
Stlth   ..........              (no amulet)
HPRegen 0.26/turn               (no ring)
MPRegen 0.08/turn               (no ring)

@: on berserk cooldown, hasted and slowed
A: horns 2, retaliatory headbutt
a: Renounce Religion, Berserk, Trog's Hand, Brothers in Arms


You were in the Dungeon.
You worshipped Trog.
Trog was extremely pleased with you.
You visited 1 branch You collected 972 gold pieces.
You spent 611 gold pieces at shops.

Inventory:

Hand Weapons
 a - a +0 hand axe
 k - a +0 antimagic war axe (weapon)
Armour
 b - a +0 animal skin
 d - a +0 pair of gloves (worn)
 i - a +1 pair of boots (worn)
 j - the +0 chain mail of the Northern Lights (worn) {Harm rCorr Dex-3 SInv}
   (You bought it in a shop in the Dungeon)

   Dex:       It affects your dexterity (-3).
   SInv:      It lets you see invisible.
   rCorr:     It protects you from acid and corrosion.
   Harm:      It increases damage dealt and taken.
Scrolls
 h - a scroll of blinking
Potions
 f - 2 potions of magic
 g - a potion of berserk rage


   Skills:
 + Level 16.6 Fighting
 + Level 17.0 Axes
 + Level 8.7 Armour
 + Level 8.5 Dodging


You had 8 spell levels left.
You didn't know any spells.
Your spell library was empty.

Dungeon Overview and Level Annotations

Branches:
Dungeon (1/1)

Altars:
Cheibriados
Dithmenos
Elyvilon
Fedhas
Gozag
Kikubaaqudgha
Makhleb
Nemelex Xobeh
Okawaru
Sif Muna
Trog
Uskayaw
Vehumet
Yredelemnul
Zin
Beogh
Jiyva
Lugonu

Shops:
D ([:=[=!=:[:([?!

Annotations:
D exclusion: oklob plant


Innate Abilities, Weirdness & Mutations

You have a pair of horns on your head.
You reflexively headbutt those who attack you in melee.


Message History

The polar bear bites you but does no damage.
The polar bear claws you but does no damage. x2
You slash the polar bear!
The polar bear is almost dead.
The polar bear bites you.
* * * LOW HITPOINT WARNING * * *
The polar bear closely misses you. The polar bear misses you.
You slash the polar bear!
You kill the polar bear!
Trog accepts your kill.
Your Axes skill increases to level 17!
You hit the polar bear but do no damage.
The polar bear bites you but does no damage.
The polar bear claws you.
* * * LOW HITPOINT WARNING * * *
The polar bear closely misses you.
You hit the polar bear.
The polar bear is lightly wounded.
The polar bear bites you.
* * * LOW HITPOINT WARNING * * *
The polar bear closely misses you.
The polar bear claws you but does no damage.
You hit the polar bear but do no damage.
The polar bear is lightly wounded.
The polar bear bites you but does no damage.
The polar bear misses you. The polar bear barely misses you.
Unknown command.
The polar bear closely misses you.
The polar bear claws you but does no damage. x2
The polar bear closely misses you.
The polar bear claws you but does no damage. x2
Unknown command.
Okay, then.
You feel yourself speed up.
The polar bear bites you but does no damage.
The polar bear claws you but does no damage.
The polar bear claws you.
* * * LOW HITPOINT WARNING * * *
You feel better. The polar bear bites you!
You die...

. #+##.. #. ...##.####
+.### .#..# ...# ...# ##
.).####..## #..# $#
#'###.##..# +^.# .#
#.###..#..# #..# .# $
.<.'.##'..####..##.# ?))
#.###..#.§..###.@h##▓▓▓▓▓
#†# #.##......≈≈≈≈≈≈≈≈≈≈≈
.#.####≈≈...§.≈#+########
.#..#≈§≈§§§§..≈#....._._#
.#.##≈≈≈≈≈≈≈≈.≈#...._._.#
#+##≈≈§≈§§≈§≈≈≈#..._._._#
≈ ≈≈≈≈≈§§§§§≈≈≈#.._._._.#
+#+++#≈≈§§§§≈≈≈#._._._._#
. ##≈§≈###§§#_._._._.#


You could see a polar bear.

Vanquished Creatures
  2 boulder beetles (D)
  A merfolk siren (D)
  2 polar bears (D)
  A blink frog (D)
  A hornet (D)
  Menkaure (D)
  A water moccasin (D)
  4 necrophages (D)
  4 scorpions (D)
17 creatures vanquished.

Notes
Turn   | Place    | Note
-------+----------+-------------------------------------------
     0 | D        | boopmooplesden the Minotaur Berserker began the quest for
                  | the Orb.
     0 | D        | Reached XP level 1. HP: 19/19 MP: 0/0
     1 | D        | Noticed a scorpion
     1 | D        | Noticed a scorpion
     5 | D        | Killed a scorpion
     6 | D        | Reached skill level 6 in Axes
     6 | D        | Reached XP level 2. HP: 31/31 MP: 1/1
     6 | D        | Reached XP level 3. HP: 38/38 MP: 2/2
     8 | D        | Killed a scorpion
     9 | D        | Reached skill level 7 in Axes
     9 | D        | Reached XP level 4. HP: 48/48 MP: 3/3
    10 | D        | Noticed a scorpion
    10 | D        | Noticed a scorpion
    12 | D        | Killed a scorpion
    12 | D        | Reached ** piety under Trog
    13 | D        | Reached skill level 8 in Axes
    13 | D        | Reached XP level 5. HP: 56/56 MP: 4/4
    15 | D        | Reached skill level 9 in Axes
    15 | D        | Reached skill level 5 in Armour
    25 | D        | Noticed a merfolk siren
    35 | D        | Killed a merfolk siren
    36 | D        | Reached skill level 12 in Axes
    36 | D        | Reached skill level 5 in Dodging
    36 | D        | Reached XP level 6. HP: 30/70 MP: 5/5
    36 | D        | Reached XP level 7. HP: 33/75 MP: 6/6
   226 | D        | Noticed a boulder beetle
   226 | D        | Noticed a boulder beetle
   234 | D        | Reached *** piety under Trog
   241 | D        | Reached skill level 13 in Axes
   246 | D        | Found Jabea's Antique Weapon Emporium.
   246 | D        | Found Jolaal's Magic Scroll Emporium.
   246 | D        | Found Xuuqus's Book Shoppe.
   246 | D        | Found Etzat's Book Shoppe.
   246 | D        | Found Sedd's Antique Armour Shoppe.
   246 | D        | Found Kolej's Distillery.
   247 | D        | Found Qustyago's Antique Armour Emporium.
   247 | D        | Found Rimmoe's Jewellery Shoppe.
   248 | D        | Found Zaan's Distillery.
   248 | D        | Found Hutycka's Jewellery Emporium.
   249 | D        | Noticed Menkaure
   249 | D        | Noticed a polar bear
   264 | D        | Killed Menkaure
   264 | D        | Reached **** piety under Trog
   265 | D        | Reached XP level 8. HP: 55/86 MP: 7/7
   276 | D        | Noticed a blink frog
   287 | D        | Killed a blink frog
   288 | D        | Reached skill level 14 in Axes
   305 | D        | Found Loutit's Antique Armour Emporium.
   305 | D        | Found Ucew's Jewellery Shoppe.
   305 | D        | Noticed a polar bear
   305 | D        | Noticed an oklob plant
   306 | D        | Found Nosen's Antique Armour Shoppe.
   306 | D        | Found Buc Hau's Book Shoppe.
   306 | D        | Found Jauheyn's Antique Weapon Emporium.
   306 | D        | Noticed a shining eye
   307 | D        | Noticed a shining eye
   307 | D        | Noticed a shining eye
   312 | D        | Bought a pair of runed boots for 202 gold pieces
   321 | D        | Bought a shimmering chain mail for 266 gold pieces
   321 | D        | Identified the +0 chain mail of the Northern Lights {Harm
                  | rCorr Dex-3 SInv} (You bought it in a shop in the Dungeon)
   333 | D        | Bought a glowing war axe for 143 gold pieces
   591 | D        | Killed a boulder beetle
   592 | D        | Reached skill level 15 in Fighting
   592 | D        | Reached skill level 15 in Axes
   595 | D        | Killed a boulder beetle
   595 | D        | Reached ***** piety under Trog
   596 | D        | Reached skill level 16 in Axes
   596 | D        | Reached XP level 9. HP: 66/100 MP: 2/8
   721 | D        | Found a snail-covered altar of Cheibriados.
   722 | D        | Found a shadowy altar of Dithmenos.
   723 | D        | Found a white marble altar of Elyvilon.
   723 | D        | Found an ancient bone altar of Kikubaaqudgha.
   723 | D        | Found a viscous altar of Jiyva.
   724 | D        | Found a blossoming altar of Fedhas.
   724 | D        | Found a corrupted altar of Lugonu.
   724 | D        | Found a shimmering blue altar of Sif Muna.
   725 | D        | Found an opulent altar of Gozag.
   725 | D        | Found a burning altar of Makhleb.
   725 | D        | Found a bloodstained altar of Trog.
   726 | D        | Found a sparkling altar of Nemelex Xobeh.
   726 | D        | Found a hide-covered altar of Uskayaw.
   727 | D        | Found an iron altar of Okawaru.
   727 | D        | Found a radiant altar of Vehumet.
   727 | D        | Found a glowing silver altar of Zin.
   727 | D        | Found a basalt altar of Yredelemnul.
   727 | D        | Noticed a polar bear
   728 | D        | Noticed a yaktaur
   728 | D        | Noticed a polar bear
   729 | D        | Noticed a polar bear
   739 | D        | Killed a polar bear
   752 | D        | Paralysed by a hornet for 3 turns
   766 | D        | Killed a polar bear
   767 | D        | Reached skill level 17 in Axes
   767 | D        | HP: 3/101 [polar bear (4)]
   768 | D        | HP: 1/101 [polar bear (2)]
   772 | D        | Mangled by a polar bear

Illustrated notes

Levels and vault maps discovered:
D:        the_violet_keep_of_menkaure [sprint2_stairs_cluster_1,
          sprint2_shoproom, sprint2_temple, sprint2_basic_supplies,
          sprint2_obstacle_3, sprint2_obstacle_6, sprint2_obstacle_7,
          sprint2_obstacle_5, sprint2_obstacle_1, sprint2_timed_cluster_1,
          sprint2_smallroom_cluster_1, sprint2_smallroom_final_cluster_1,
          sprint2_transparent_cluster_1, sprint2_second_timed_cluster_1,
          sprint2_sniper_area_1, sprint2_heavy_combat_area_1,
          sprint2_mutation_trap_area_1, sprint2_forest_area_1,
          sprint2_light_combat_area_1, sprint2_behind_water_1,
          sprint2_near_end_vault_1]

Skill      XL: |  1  2  3  4  5  6  7  8  9 |
---------------+----------------------------+-----
Fighting       | 6 7 8 11 13 16 | 16.6
Axes           | 6 7 8 12 13 16 17 | 17.0
Armour         | 3 4 6 7 8 |  8.7
Dodging        | 3 4 5 6 8 |  8.5

Action                   |  1- 3 |  4- 6 |  7- 9 || total
-------------------------+-------+-------+-------++-------
Melee: Hand axe          |     6 |    13 |    24 ||    43
       Headbutt          |     1 |     7 |     8 ||    16
       War axe           |       |       |    53 ||    53
Invok: Berserk           |     1 |       |     4 ||     5
  Use: Potion            |       |       |     3 ||     3
Armor: Animal skin       |     1 |       |     3 ||     4
       Chain mail        |       |       |    44 ||    44
Dodge: Dodged            |     2 |     1 |    33 ||    36
